 Dungeon Crawl Stone Soup version 0.27.0-1-g7a089689b8 (webtiles) character file.

Game seed: 1956242158958630958

42 robertstho the Skirmisher (level 3, -12/26 HPs)
             Began as an Octopode Berserker on Aug 5, 2021.
             Was a Believer of Trog.
             Mangled by a gnoll (13 damage)
             ... on level 2 of the Dungeon.
             The game lasted 00:01:08 (1249 turns).

robertstho the Skirmisher (Octopode Berserker)      Turns: 1249, Time: 00:01:09

Health: -12/26     AC:  1    Str: 17    XL:     3   Next: 56%
Magic:  3/3        EV: 13    Int:  9    God:    Trog [**....]
Gold:   22         SH:  0    Dex: 11    Spells: 2/2 levels left

rFire    . . .     SeeInvis .   a - +0 short sword
rCold    . . .     Faith    .   (no shield)
rNeg     . . .     Spirit   .   (helmet restricted)
rPois    .         Reflect  .   (no amulet)
rElec    .         Harm     .   (no ring)
rCorr    .         Rampage  .   (no ring)
Will     .....                  (no ring)
Stlth    +++.......             (no ring)
HPRegen  0.08/turn              (no ring)
MPRegen  0.08/turn              (no ring)
                                (no ring)
                                (no ring)

@: no status effects
A: almost no armour, amphibious, 8 rings, camouflage 1, gelatinous body 1,
(nimble swimmer 1), tentacles
a: Renounce Religion, Berserk, Trog's Hand


You were on level 2 of the Dungeon.
You worshipped Trog.
Trog was pleased with you.
You visited 1 branch of the dungeon, and saw 2 of its levels.

You collected 22 gold pieces.

Inventory:

Hand Weapons
 a - a +0 short sword (weapon)
Scrolls
 b - a scroll of identify {unknown}
 e - a scroll of teleportation {unknown}
Potions
 c - a potion of lignification {unknown}
 d - a potion of brilliance {unknown}


   Skills:
 * Level 3.6 Fighting
 + Level 3.3 Short Blades
 + Level 3.4 Dodging
 * Level 1.4 Stealth


You had 2 spell levels left.
You didn't know any spells.
Your spell library was empty.

Dungeon Overview and Level Annotations

Branches:
Dungeon (2/15)

Altars:


Innate Abilities, Weirdness & Mutations

You cannot wear most types of armour.
You are amphibious.
You can wear up to eight rings at the same time.
Your skin changes colour to match your surroundings (Stealth+).
Your rubbery body absorbs attacks. (AC +1, EV +1)
((You are camouflaged near water. (Stealth+)))
You have tentacles for arms and can constrict up to eight enemies at once.


Message History

A bat, a ball python, a worm and 3 gnolls come into view.
There is a stone staircase leading up here.
There are monsters nearby!
There are monsters nearby!
There are monsters nearby!
There are monsters nearby!
There are monsters nearby!
The helpless ball python fails to defend itself.
You puncture the ball python!
You kill the ball python!
Trog accepts your kill.
You can now call upon Trog for regeneration and willpower.
The helpless bat fails to defend itself.
You puncture the bat!
You kill the bat!
Trog accepts your kill.
The gnoll shouts!
The gnoll shouts!
You hit the worm. Your grab misses the worm.
The worm is lightly wounded.
The worm bites you.
You puncture the worm! You grab the worm.
The worm is heavily wounded.
You constrict the worm. You hit the worm.
The worm is severely wounded.
You constrict the worm. The worm closely misses you.
You hit the worm.
You kill the worm!
Trog accepts your kill. The gnoll misses you.
The gnoll hits you from afar with a +0 halberd!
Ouch! That really hurt!
* * * LOW HITPOINT WARNING * * *
The gnoll hits you from afar with a +0 spear.
* * * LOW HITPOINT WARNING * * *
There is a stone staircase leading up, spattered with blood here.
The gnoll hits you from afar with a +0 halberd!
Ouch! That really hurt!
You die...

######
#####......
#..........
#..........
#..........
#....g.....
#..@.g.....
#....g.....
#..........
#..........
#..........
#..........
###########


You could see 3 gnolls.

Vanquished Creatures
  A worm (D:2)
  4 dart slugs (D:1)
  An endoplasm (D:1)
  2 giant cockroaches (D:1)
  A goblin (D:1)
  4 hobgoblins (D:1)
  3 jackals (D:1)
  A quokka (D:1)
  4 ball pythons
  5 bats
  A frilled lizard (D:1)
  2 kobolds (D:1)
  3 rats (D:1)
32 creatures vanquished.

Notes
Turn   | Place    | Note
-------+----------+-------------------------------------------
     0 | D:1      | robertstho the Octopode Berserker began the quest for the
                  | Orb.
     0 | D:1      | Reached XP level 1. HP: 16/16 MP: 1/1
    70 | D:1      | Reached XP level 2. HP: 7/21 MP: 2/2
   441 | D:1      | Reached skill level 1 in Stealth
   845 | D:1      | Reached XP level 3. HP: 25/26 MP: 3/3
  1241 | D:2      | Reached ** piety under Trog
  1248 | D:2      | HP: 1/26 [gnoll (5)]
  1249 | D:2      | Mangled by a gnoll

Illustrated notes

Levels and vault maps discovered:
D:1:      lightli_arrival_flooded_house, layout_basic
D:2:      layout_rooms, serial_shops, shop, shop, nicolae_diamond_shop, shop,
          basic_altar

Skill      XL: |  1  2 |
---------------+-------+-----
Stealth        | 1 |  1.4
Fighting       | |  3.6
Short Blades   | |  3.3
Dodging        | |  3.4

Action                   || total
-------------------------++-------
Melee: Short sword       ||    67
       Tentacles         ||    13
       Constrict         ||    23
Invok: Berserk           ||     2
 Stab: Sleeping          ||     2
Armor: Skin              ||     6
Dodge: Dodged            ||    50
